 Dungeon Crawl Stone Soup version 0.21.1-1-g345015fe64 (webtiles) character file.

226 Htamos the Chopper (level 5, -5/46 HPs)
             Began as a Deep Dwarf Fighter on July 10, 2018.
             Killed from afar by patthesweetcat's ghost (10 damage)
             ... with a flame tongue
             ... on level 3 of the Dungeon.
             The game lasted 00:03:34 (1501 turns).

Htamos the Chopper (Deep Dwarf Fighter)             Turns: 1501, Time: 00:03:35

Health: -5/46      AC:  0    Str: 20    XL:     5   Next: 69%
Magic:  5/5        EV:  9    Int:  9    God:
Gold:   118        SH:  9    Dex: 12    Spells: 4/4 levels left

rFire    . . .     SeeInvis .   a - +0 war axe
rCold    . . .     Gourm    .   c - +0 shield
rNeg     . . .     Faith    .   (no armour)
rPois    .         Spirit   .   (no helmet)
rElec    .         Reflect  .   (no cloak)
rCorr    .         Harm     .   (no gloves)
MR       .....                  (no boots)
Stlth    +.........             (no amulet)
HPRegen  0.00/turn              (no ring)
MPRegen  0.09/turn              (no ring)

@: non-regenerating
A: damage resistance, heal wounds, sense surroundings 1, no regeneration
a: Heal Wounds


You were on level 3 of the Dungeon.
You were very hungry.

You visited 1 branch of the dungeon, and saw 3 of its levels.

You collected 118 gold pieces.

Inventory:

Hand Weapons
 a - a +0 war axe (weapon)
Armour
 b - a +0 scale mail
 c - a +0 shield (worn)
 l - a +0 ring mail
Jewellery
 h - an uncursed ring of flight {unknown}
Wands
 m - a wand of flame (32)
Scrolls
 e - 4 scrolls of enchant armour {unknown}
 g - 2 scrolls of remove curse {unknown}
 j - 4 scrolls of identify {unknown}
 k - a scroll of fear {unknown}
Potions
 d - 2 potions of might
 i - a potion of degeneration {unknown}
 n - 2 potions of curing {unknown}
 o - 2 potions of brilliance {unknown}
Comestibles
 f - 4 rations


   Skills:
 - Level 2.7 Fighting
 * Level 6.5 Axes
 - Level 3.3 Armour
 - Level 3.3 Shields


You had 4 spell levels left.
You didn't know any spells.

Dungeon Overview and Level Annotations

Branches:
Dungeon (3/15)

Altars:
Nemelex Xobeh
Qazlal

Annotations:
D:3 patthesweetcat's ghost, amateur OpFE


Innate Abilities, Weirdness & Mutations

You are resistant to damage.
You can heal yourself by infusing magical energy.
You passively map a small area around you.
You do not regenerate.


Message History

You slash patthesweetcat's ghost!
Patthesweetcat's ghost is almost destroyed.
Patthesweetcat's ghost stares at you and mumbles some strange words.
The flame tongue hits you!
* * * LOW HITPOINT WARNING * * *
You block patthesweetcat's ghost's attack.
You barely miss patthesweetcat's ghost.
Patthesweetcat's ghost is almost destroyed.
Patthesweetcat's ghost hits you.
Your shield prevents you from hitting patthesweetcat's ghost.
Patthesweetcat's ghost is almost destroyed.
Patthesweetcat's ghost hits you.
* * * LOW HITPOINT WARNING * * *
You hit patthesweetcat's ghost.
Patthesweetcat's ghost is almost destroyed.
Patthesweetcat's ghost hits you.
* * * LOW HITPOINT WARNING * * *
Patthesweetcat's ghost casts a spell at you.
The flame tongue hits you!
You die...

*
##########.#
,
#...W@....#
#.########.#
* #.# #.# *
#.# , #W####
, #....# *
####.# * *
#.# ,


You could see patthesweetcat's ghost.

Vanquished Creatures
  Sigmund (D:2)
  An adder (D:2)
  2 oozes (D:2)
  A worm (D:2)
  A dart slug (D:1)
  2 leopard geckos
  An orc (D:2)
  A ball python (D:2)
  4 bats
  5 goblins
  5 hobgoblins
  3 quokkas (D:2)
  3 frilled lizards
  A kobold (D:2)
  10 rats
41 creatures vanquished.

Notes
Turn   | Place    | Note
-------+----------+-------------------------------------------
     0 | D:1      | Htamos the Deep Dwarf Fighter began the quest for the Orb.
     0 | D:1      | Reached XP level 1. HP: 20/20 MP: 1/1
     6 | D:1      | Noticed a worker ant
     6 | D:1      | Noticed a salamander
     6 | D:1      | Noticed a wyvern
     7 | D:1      | Noticed a hog
     7 | D:1      | Noticed a komodo dragon
   346 | D:1      | Reached XP level 2. HP: 25/27 MP: 2/2
   421 | D:1      | Reached skill level 3 in Axes
   819 | D:2      | Noticed Sigmund
   835 | D:2      | Killed Sigmund
   835 | D:2      | Reached skill level 6 in Axes
   835 | D:2      | Reached XP level 3. HP: 31/33 MP: 3/3
   835 | D:2      | Reached XP level 4. HP: 38/40 MP: 4/4
   835 | D:2      | Reached XP level 5. HP: 43/46 MP: 5/5
   846 | D:2      | Found a sparkling altar of Nemelex Xobeh.
  1116 | D:2      | Found a sparkling altar of Nemelex Xobeh.
  1225 | D:2      | Found a stormy altar of Qazlal.
  1452 | D:3      | Noticed patthesweetcat's ghost (amateur OpFE)
  1501 | D:3      | Killed from afar by patthesweetcat's ghost

Skill      XL: |  1  2 |
---------------+-------+-----
Axes           | 6 |  6.5
Fighting       | |  2.7
Armour         | |  3.3
Shields        | |  3.3

Action                   |  1- 3 |  4- 6 || total
-------------------------+-------+-------++-------
Melee: War axe           |    62 |    74 ||   136
 Stab: Sleeping          |       |     1 ||     1
  Eat: Chunk             |       |     1 ||     1
Armor: Scale mail        |    19 |       ||    19
Dodge: Dodged            |    16 |    22 ||    38
Block: Shield            |    35 |    38 ||    73
